 Dungeon Crawl Stone Soup version 0.23-a0-625-g1d2cd9b (console) character file.

126 bli the Magician (level 4, -2/34 HPs)
             Began as a Draconian Fire Elementalist on Dec 24, 2018.
             Was an Initiate of Ru.
             Slain by a gnoll
             ... wielding a +0 halberd
              (7 damage)
             ... on level 3 of the Dungeon.
             The game lasted 00:09:31 (2141 turns).

bli the Magician (Draconian Fire Elementalist)      Turns: 2141, Time: 00:09:31

Health: -2/34      AC:  5    Str: 11    XL:     4   Next: 83%
Magic:  7/10       EV: 12    Int: 15    God:    Ru [......]
Gold:   136        SH:  0    Dex: 12    Spells: 6/11 levels left

rFire    . . .     SeeInvis .   h - +0 mace
rCold    . . .     Gourm    .   (no shield)
rNeg     . . .     Faith    .   (armour unavailable)
rPois    .         Spirit   .   (helmet restricted)
rElec    .         Reflect  .   (no cloak)
rCorr    .         Harm     .   (no gloves)
MR       .....                  (no boots)
Stlth    ++........             (no amulet)
HPRegen  0.11/turn              (no ring)
MPRegen  0.12/turn              (no ring)

@: no status effects
A: unfitting armour, cold-blooded, AC +5
a: Renounce Religion


You were on level 3 of the Dungeon.
You worshipped Ru.
Ru was noncommittal.
You were not hungry.

You visited 1 branch of the dungeon, and saw 3 of its levels.

You collected 136 gold pieces.

Inventory:

Hand Weapons
 c - a +0 club
 h - a +0 mace (weapon)
 s - a +0 whip
 t - a +0 quarterstaff
Missiles
 i - 54 stones (quivered)
 p - a throwing net
Scrolls
 a - a scroll of magic mapping {unknown}
 d - a scroll of remove curse {unknown}
 f - 2 scrolls of identify {unknown}
 g - a scroll of fear {unknown}
 l - 3 scrolls of amnesia {unknown}
 m - a scroll of fog {unknown}
 n - a scroll of noise {unknown}
 r - 2 scrolls of teleportation {unknown}
 v - a scroll of immolation {unknown}
Potions
 e - a potion of cancellation {unknown}
 j - a potion of agility {unknown}
 k - a potion of haste {unknown}
 o - a potion of degeneration {unknown}
 q - a potion of invisibility {unknown}
Comestibles
 b - 6 rations
 u - 2 chunks of flesh


   Skills:
 + Level 0.9 Fighting
 * Level 1.9 Dodging
 * Level 1.8 Stealth
 + Level 4.2 Spellcasting
 * Level 1.9 Conjurations
 + Level 3.0 Fire Magic


You had 6 spell levels left.
You knew the following spells:

 Your Spells              Type           Power        Failure   Level  Hunger
a - Flame Tongue          Conj/Fire      ##...        6%          1    None
s - Sticky Flame          Conj/Fire      ##......     54%         4    ####...

Your spell library contained the following spells:

 Spells                   Type           Power        Failure   Level  Hunger
 Throw Flame              Conj/Fire      ##....       10%         2    ##.....
 Conjure Flame            Conj/Fire      ##......     19%         3    ###....
 Inner Flame              Hex/Fire       #.......     28%         3    ###....
 Fireball                 Conj/Fire      ##........   87%         5    ######.


Dungeon Overview and Level Annotations

Branches:
Dungeon (3/15)

Altars:
Ashenzari
Ru
Uskayaw


Innate Abilities, Weirdness & Mutations

Your plain brown scales are hard. (AC +5)
You cannot fit into any form of body armour.
You are cold-blooded and may be slowed by cold attacks.


Message History

Press: ? - help, Shift-Dir - straight line, f/p - gnoll
Aim: a gnoll, wielding a +0 halberd (severely wounded)
The flame tongue hits the gnoll.
The gnoll appears unharmed.
The gnoll is severely wounded.
The orc priest looks satisfied for a moment.
The gnoll closely misses you.
Casting: Flame Tongue (safe; 6% risk of failure)
Confirm with . or Enter, or press ? or * to list all spells.
Aiming: Flame Tongue (safe; 6% risk of failure)
Press: ? - help, Shift-Dir - straight line, f/p - gnoll
Aim: a gnoll, wielding a +0 halberd (severely wounded)
The flame tongue misses the gnoll.
The gnoll hits you but does no damage.
The goblin unwields a +0 dagger.
The goblin wields a +0 hunting sling.
The The stone hits you but does no damage.
You see here a stone.
The goblin shoots a stone.
The stone barely misses you.
You see here a stone.
Your magical contamination has completely faded away.
The gnoll hits you from afar with a +0 halberd!
You die...

### #>. .. #.# #. #.# #. #.#
#. #.# #.## #)# ..# ..
###########[######.####....
###.........#.gg...g.........
#...........@.#######.######
#.#.....#.).### #.รท.(.#
#.#####.#.### #...g.# #.#
#.#.# #.....# #.# #.#.#
#.....## #.#####.#.# #......#
#.......#.# #....go#
###########.# #......#
#...<..#..#.# #......##
###....#..#.# ######..#
#....#..#.# #......#


You could see 2 gnolls and a goblin.

Vanquished Creatures
  Robin (D:2)
  2 adders (D:2)
  A worm (D:2)
  4 dart slugs
  2 leopard geckos
  4 orcs (D:3)
  A giant cockroach (D:1)
  13 goblins
  8 hobgoblins
  15 jackals
  A quokka (D:3)
  4 bats (D:2)
  4 frilled lizards (D:2)
  5 kobolds
  10 rats
75 creatures vanquished.

Vanquished Creatures (others)
  7 toadstools (D:1)
7 creatures vanquished.

Grand Total: 82 creatures vanquished

Notes
Turn   | Place    | Note
-------+----------+-------------------------------------------
     0 | D:1      | bli the Draconian Fire Elementalist began the quest for the
                  | Orb.
     0 | D:1      | Reached XP level 1. HP: 14/14 MP: 3/3
   372 | D:1      | Reached XP level 2. HP: 20/20 MP: 2/5
   480 | D:1      | Reached skill level 3 in Spellcasting
   963 | D:2      | Found a shattered altar of Ashenzari.
  1002 | D:2      | Reached XP level 3. HP: 26/26 MP: 5/7
  1024 | D:2      | Found a hide-covered altar of Uskayaw.
  1025 | D:2      | Found a sacrificial altar of Ru.
  1035 | D:2      | Became a worshipper of Ru the Awakened
  1302 | D:2      | Reached XP level 4. HP: 31/34 MP: 4/9
  1357 | D:2      | Noticed Robin
  1476 | D:2      | Killed Robin
  1476 | D:2      | Reached skill level 4 in Spellcasting
  2050 | D:3      | Learned a level 4 spell: Sticky Flame
  2141 | D:3      | Slain by a gnoll

Vault maps used:
D:1:      nagdon_arrival_double_spiral
D:2:      grunt_temple_overflow_open, nicolae_ashenzari_panopticon, uniq_robin
D:3:      first_ration, kennysheep_generic_room_14, uniq_grinder

Skill      XL: |  1  2  3  4 |
---------------+-------------+-----
Spellcasting   | 3 4 |  4.2
Fighting       | |  0.9
Dodging        | |  1.9
Stealth        | |  1.8
Conjurations   | |  1.9
Fire Magic     | |  3.0

Action                   |  1- 3 |  4- 6 || total
-------------------------+-------+-------++-------
Melee: Unarmed           |    15 |       ||    15
       Tailslap          |     7 |       ||     7
       Club              |    13 |       ||    13
       Mace              |    65 |    41 ||   106
Throw: Stone             |     2 |     7 ||     9
 Cast: Flame Tongue      |    50 |    43 ||    93
 Stab: Sleeping          |     4 |     4 ||     8
  Eat: Chunk             |     2 |     2 ||     4
Armor: Skin              |    45 |    17 ||    62
Dodge: Dodged            |    82 |    36 ||   118

Table legend:
 A = Non-vault XP
 B = Vault XP
 C = Vault XP percentage of total XP
 D = Non-vault monster count
 E = Vault monster count
 F = Vault count percentage of total count
                 A         B        C        D         E       F
            +---------+---------+-------+---------+---------+-------
      Total |     146 |      34 |  18.9 |      64 |      11 |  14.7
            +---------+---------+-------+---------+---------+-------
        D:1 |      37 |       0 |   0.0 |      22 |       0 |   0.0
        D:2 |      92 |      32 |  25.8 |      35 |      10 |  22.2
        D:3 |      17 |       2 |  10.5 |       7 |       1 |  12.5
            +---------+---------+-------+---------+---------+-------
